 Dungeon Crawl Stone Soup version 0.22-a0-402-ga933591 (webtiles) character file.

437 4thArraOfDagon the Magician (level 6, -6/28 HPs)
             Began as a Spriggan Fire Elementalist on May 7, 2018.
             Shot with an arrow by a centaur (11 damage)
             ... on level 6 of the Dungeon.
             The game lasted 00:09:00 (1524 turns).

4thArraOfDagon the Magician (SpFE)                  Turns: 1524, Time: 00:09:01

Health: -6/28      AC:  2    Str:  4    XL:     6   Next: 69%
Magic:  9/13       EV: 18    Int: 23    God:
Gold:   123        SH:  0    Dex: 17    Spells: 6/14 levels left

rFire    . . .     SeeInvis +   h - +0 flail (venom)
rCold    . . .     Gourm    .   (shield restricted)
rNeg     . . .     Faith    .   d - +0 robe
rPois    .         Spirit   .   (helmet restricted)
rElec    .         Reflect  .   (no cloak)
rCorr    .         Harm     .   (gloves unavailable)
MR       +....                  (boots unavailable)
Stlth    ++........             (no amulet)
HPRegen  0.09/turn              g - ring of flight
MPRegen  0.13/turn              (no ring)

@: brilliant, very quick
A: very small, unfitting armour, see invisible, herbivore, speed 3, slow
metabolism 2
a: Evoke Flight


You were on level 6 of the Dungeon.
You were not hungry.

You visited 1 branch of the dungeon, and saw 7 of its levels.

You collected 146 gold pieces.
You spent 23 gold pieces at shops.

Inventory:

Hand Weapons
 h - a +0 flail of venom (weapon)
Armour
 a - a +0 robe
 d - a +0 robe (worn)
Jewellery
 g - a ring of flight (left hand)
Wands
 n - a wand of digging (8)
Scrolls
 b - 2 scrolls of remove curse
 j - a scroll of enchant weapon {unknown}
 k - a scroll of magic mapping {unknown}
 l - 4 scrolls of identify
 m - a scroll of teleportation {unknown}
Potions
 i - a potion of flight
Comestibles
 c - 5 rations


   Skills:
 - Level 3.0 Dodging
 - Level 3.0 Stealth
 + Level 4.5 Spellcasting
 * Level 3.2 Conjurations
 * Level 4.4 Fire Magic


You had 6 spell levels left.
You knew the following spells:

 Your Spells              Type           Power        Failure   Level  Hunger
a - Flame Tongue          Conj/Fire      #####        1%          1    None
b - Conjure Flame         Conj/Fire      #####...     1%          3    ##.....
c - Sticky Flame          Conj/Fire      #####...     2%          4    ####...


Dungeon Overview and Level Annotations

Branches:
Dungeon (7/15)
 Temple: D:4-7

Altars:
Ashenzari
Kikubaaqudgha
The Shining One

Shops:
D:5 *%   D:6 *

Annotations:
D:4 Blork the orc
D:5 Grinder; Sigmund; VDreamerV's ghost, novice OpTm


Innate Abilities, Weirdness & Mutations

You are very small and have problems with some larger weapons.
You are too small for most types of armour.
You have supernaturally acute eyesight. (SInv)
You are a herbivore.
You cover ground extremely quickly.
You need to consume almost no food.


Message History

Memorise Fireball, consuming 5 spell levels and leaving 1?
You start memorising the spell.
You continue memorising. x3
The jackal completely misses you.
You continue memorising.
The jackal barely misses you. The jackal bites you.
Your memorisation is interrupted.
Unknown command.
The centaur shoots an arrow.
The arrow hits you!
Ouch! That really hurt!
* * * LOW HITPOINT WARNING * * *
You hear a bark!
You hear an angry hiss.
You see here an arrow.
Unknown command.
The jackal barks!
The leopard gecko hisses angrily.
The centaur shoots an arrow.
The arrow closely misses you.
Unknown command.
Unknown command.
The jackal barks!
The gnoll shouts!
The centaur shoots an arrow.
The arrow hits you!
You die...

#.#.........F.......
#.#.................
#.#.................
#.#.............!...
#.#..........h......
#.#.........[.......
#.#.......h.........
#...............$...
###@.h..............
#(...c..l...........
#h#####hg...########
#.# #.....### #h#
#.......# #h#
#....##.#
#.#####.h..##.#
#.....h.a.....#
###############


You could see a black bear, a centaur, a gnoll, a leopard gecko and 3 jackals.

Vanquished Creatures
  Edmund (D:5)
  An ogre (D:7)
  A bullfrog (D:6)
  A bullfrog zombie (D:5)
  A hound (D:6)
  A bullfrog skeleton (D:6)
  An orc wizard (D:5)
  A hound zombie (D:6)
  An adder (D:4)
  A shadow imp (D:6)
  An ooze (D:4)
  A dart slug (D:1)
  A giant cockroach (D:4)
  A goblin (D:3)
  A jackal (D:4)
  A kobold (D:1)
  A quokka (D:4)
  A ball python (D:4)
  3 bats (D:1)
  A jackal skeleton (D:5)
  A quokka skeleton (D:5)
  A rat (D:1)
24 creatures vanquished.

Notes
Turn   | Place    | Note
-------+----------+-------------------------------------------
     0 | D:1      | 4thArraOfDagon the Spriggan Fire Elementalist began the quest for the Orb.
     0 | D:1      | Reached XP level 1. HP: 9/9 MP: 5/5
   115 | D:1      | Reached skill level 1 in Conjurations
   177 | D:2      | You fall through a shaft for 2 floors!
   212 | D:5      | Entered Level 5 of the Dungeon
   243 | D:5      | Found Gengeomn's General Store.
   287 | D:5      | Noticed a howler monkey
   288 | D:5      | Noticed Grinder
   289 | D:5      | Noticed a sky beast
   308 | D:6      | Noticed a worker ant
   309 | D:6      | Found Unlaf's Assorted Antiques.
   322 | D:6      | Bought a silvery potion for 23 gold pieces
   353 | D:6      | Noticed a scorpion
   393 | D:6      | Noticed a bullfrog
   394 | D:6      | Noticed a black bear
   400 | D:6      | Noticed a centaur
   412 | D:7      | Noticed a water moccasin
   412 | D:7      | Noticed a bullfrog
   426 | D:7      | Found a shattered altar of Ashenzari.
   438 | D:7      | Noticed a hornet
   468 | D:6      | Noticed a bullfrog
   471 | D:6      | Noticed a hound
   473 | D:7      | Noticed a crimson imp
   519 | D:7      | Noticed a hippogriff
   524 | D:7      | Noticed an ogre
   558 | D:7      | Killed an ogre
   558 | D:7      | Reached XP level 2. HP: 13/13 MP: 0/7
   558 | D:7      | Reached XP level 3. HP: 16/16 MP: 0/9
   558 | D:7      | Reached XP level 4. HP: 21/21 MP: 0/10
   573 | D:6      | Noticed a bullfrog
   585 | D:6      | Learned a level 3 spell: Conjure Flame
   654 | D:5      | Noticed Edmund
   672 | D:5      | Learned a level 4 spell: Sticky Flame
   749 | D:5      | Killed Edmund
   749 | D:5      | Reached XP level 5. HP: 24/24 MP: 0/12
   798 | D:5      | Noticed Sigmund
   799 | D:5      | Noticed VDreamerV's ghost (novice OpTm)
   893 | D:4      | Found a glowing golden altar of the Shining One.
   932 | D:4      | Noticed Blork the orc
  1291 | D:5      | Reached XP level 6. HP: 9/28 MP: 4/13
  1316 | D:5      | Found Ugunirei's Food Shoppe.
  1356 | D:6      | Found an ancient bone altar of Kikubaaqudgha.
  1524 | D:6      | Shot with an arrow by a centaur

Vault maps used:
D:1:      dpeg_arrival_rooms_a
D:2:      first_ration, uniq_crazy_yiuf_cottage
D:3:      overflow_temple_1_default, grunt_qazlal_clouds,
          lemuel_coloured_pillars_altar, serial_corexii_hall,
          corexii_hall_statues_i, corexii_hall_statues_x, serial_park_tiny_pond,
          uniq_natasha
D:4:      corexii_shantytown, old_standard_altar, minmay_door_square,
          uniq_blork_the_orc
D:5:      lemuel_round_altar, kennysheep_mini, serial_shops,
          nicolae_shop_waterfront, nicolae_shop_trees, shop, shop_statue,
          uniq_sigmund, uniq_grinder, uniq_edmund
D:6:      lemuel_round_altar, serial_shops, nicolae_shop_overgrown_old_shop
D:7:      ashenzari_conservatory_becter, yredelemnul_altar_generic, temple_hall,
          uniq_menkaure

Skill      XL: |  1  2  3  4  5  6 |
---------------+-------------------+-----
Conjurations   | 2 3 |  3.2
Spellcasting   | 3 4 |  4.5
Fire Magic     | 3 4 |  4.4
Dodging        | |  3.0
Stealth        | |  3.0

Action                   |  1- 3 |  4- 6 || total
-------------------------+-------+-------++-------
Melee: Unarmed           |    10 |     3 ||    13
       Flail             |       |    13 ||    13
 Cast: Flame Tongue      |    12 |    28 ||    40
       Sticky Flame      |       |     3 ||     3
       Conjure Flame     |       |     3 ||     3
  Use: Scroll            |     4 |     3 ||     7
       Potion            |       |     3 ||     3
 Stab: Sleeping          |       |     1 ||     1
Armor: Robe              |     3 |     4 ||     7
Dodge: Dodged            |    14 |    54 ||    68

Table legend:
 A = Spawn XP
 B = Non-spawn XP
 C = Spawn XP percentage of total XP
 D = Spawn monster count
 E = Non-spawn monster count
 F = Spawn count percentage of total count
 G = Total turns spent on level
                    A         B        C        D         E        F      G
               +---------+---------+-------+---------+---------+-------+---------
         Total |       0 |     625 |   0.0 |       0 |      24 |   0.0 |  1524
               +---------+---------+-------+---------+---------+-------+---------
           D:1 |       0 |      11 |   0.0 |       0 |       6 |   0.0 |   160
           D:3 |       0 |       2 |   0.0 |       0 |       1 |   0.0 |    66
           D:4 |       0 |      27 |   0.0 |       0 |       6 |   0.0 |   357
           D:5 |       0 |     250 |   0.0 |       0 |       5 |   0.0 |   404
           D:6 |       0 |     210 |   0.0 |       0 |       5 |   0.0 |   378
           D:7 |       0 |     125 |   0.0 |       0 |       1 |   0.0 |   142
               +---------+---------+-------+---------+---------+-------+---------
